 Dungeon Crawl Stone Soup version 0.29.1-2-gbd0b4ee654 (webtiles) character file.

Game seed: 17603657450751231832

607 hilljack the Geomancer (level 7, -3/36 HPs)
             Began as a Gargoyle Earth Elementalist on Nov 3, 2022.
             Was a Priest of Dithmenos.
             Slain by Edmund
             ... wielding a +3 flail of protection
              (9 damage)
             ... on level 4 of the Dungeon.
             The game lasted 00:09:10 (4117 turns).

hilljack the Geomancer (GrEE)                       Turns: 4117, Time: 00:09:10

Health: -3/36      AC: 15    Str: 23    XL:     7   Next: 43%
Magic:  6/13       EV: 11    Int: 18    God:    Dithmenos [***...]
Gold:   206        SH:  0    Dex: 10    Spells: 8/14 levels left

rFire   . . .      SeeInvis .   m - +2 dagger of Tikeot {drain, rElec rN+ Stlth+}
rCold   . . .      Faith    .   (no shield)
rNeg    + + .      Spirit   .   p - +5 ring mail of Valour {Will+ rCorr}
rPois   ∞          Reflect  .   n - +0 helmet
rElec   +          Harm     .   (no cloak)
rCorr   +          Rampage  .   (no gloves)
Will    +....                   (no boots)
Stlth   +++.......              (no amulet)
HPRegen 0.12/turn               f - +6 ring of strength
MPRegen 0.13/turn               v - +6 ring of strength

@: wreathed by umbra
A: sickness immunity, AC +4, negative energy resistance 1, electricity
resistance, torment resistance 1, petrification resistance
a: Renounce Religion, Shadow Step


You were on level 4 of the Dungeon.
You worshipped Dithmenos.
Dithmenos was most pleased with you.
You visited 1 branch of the dungeon, and saw 4 of its levels.
You also visited: Sewer.

You collected 226 gold pieces.
You spent 20 gold pieces at shops.

Inventory:

Hand Weapons
 j - a +2 great mace of draining
 m - the +2 dagger of Tikeot (weapon) {drain, rElec rN+ Stlth+}
   (You found it on level 2 of the Dungeon)

   A truly terrible weapon, it drains the life of any living foe it strikes.
   rElec:     It insulates you from electricity.
   rN:        It protects you from negative energy.
   Stlth:     It makes you more stealthy.
Missiles
 g - 3 poisoned darts
Armour
 k - a +3 leather armour
 n - a +0 helmet (worn)
 p - the +5 ring mail of Valour (worn) {Will+ rCorr}
   (You found it in a sewer)

   rCorr:     It protects you from acid and corrosion.
   Will:      It increases your willpower.
Magical Staves
 s - a staff of air
Jewellery
 a - a ring of see invisible
 e - a +4 ring of protection
 f - a +6 ring of strength (left hand)
 v - a +6 ring of strength (right hand)
Wands
 h - a wand of charming (8)
Scrolls
 c - a scroll of butterflies
 r - 2 scrolls of enchant weapon {unknown}
Potions
 b - a potion of magic
 d - a potion of attraction {unknown}
 i - 2 potions of curing
 l - a potion of brilliance
 o - 2 potions of flight {unknown}
 q - a potion of lignification {unknown}
 t - a potion of cancellation {unknown}
 u - a potion of invisibility {unknown}
 x - 2 potions of haste {unknown}


   Skills:
 - Level 1.5 Dodging
 - Level 2.1 Stealth
 + Level 4.4 Spellcasting
 - Level 0.7 Transmutations
 * Level 8.5 Earth Magic


You had 8 spell levels left.
You knew the following spells:

 Your Spells              Type           Power      Damage    Failure   Level
a - Sandblast             Erth           68%        2d15      1%          1
b - Passwall              Tmut/Erth      16%        N/A       5%          2
c - Stone Arrow           Conj/Erth      38%        3d9       12%         3

Your spell library contained the following spells:

 Spells                   Type           Power      Damage    Failure   Level
 Blink                    Tloc           8%         N/A       34%         2
 Petrify                  Tmut/Erth      20%        N/A       34%         4
 Manifold Assault         Tloc           4%         N/A       99%         5
 Storm Form               Tmut/Air       2%         N/A       100%        7


Dungeon Overview and Level Annotations

Branches:
Dungeon (4/15)              Sewer (visited)
 Temple: D:4-7

Altars:
Dithmenos
Zin

Shops:
D:1 ?

Annotations:
D:3 2 transporters, Ekaitz's ghost, amateur DsEE
D:4 Edmund


Innate Abilities, Weirdness & Mutations

You are immune to sickness and miasma.
Your stone body is resilient. (AC +4)
You are immune to poison.
You resist negative energy. (rN+)
You are resistant to electric shocks. (rElec)
You are resistant to unholy torment.
You are immune to petrification.


Message History

The jackal bites you.
Edmund hits you with a +3 flail of protection!
The jackal barely misses you.
A necrophage comes into view.
Edmund hits you with a +3 flail of protection!
Casting: Sandblast (safe; 1% risk of failure)
Confirm with . or Enter, or press ? or * to list all spells.
Aiming: Sandblast (safe; 1% risk of failure)
Press: ? - help, Shift-Dir - straight line, f/p - Edmund
Aim: Edmund, wielding a +3 flail of protection and wearing a +0 scale mail (lightly wounded, umbra, 86% to hit)
The blast of sand misses Edmund.
The jackal barely misses you. Edmund closely misses you.
The jackal bites you but does no damage.
Casting: Sandblast (safe; 1% risk of failure)
Confirm with . or Enter, or press ? or * to list all spells.
Aiming: Sandblast (safe; 1% risk of failure)
Press: ? - help, Shift-Dir - straight line, f/p - Edmund
Aim: Edmund, wielding a +3 flail of protection and wearing a +0 scale mail (lightly wounded, umbra, 86% to hit)
The blast of sand hits Edmund.
Edmund is moderately wounded.
The jackal barely misses you.
Edmund hits you with a +3 flail of protection.
The jackal bites you but does no damage.
Edmund hits you with a +3 flail of protection.
Casting: Sandblast (safe; 1% risk of failure)
Confirm with . or Enter, or press ? or * to list all spells.
Aiming: Sandblast (safe; 1% risk of failure)
Press: ? - help, Shift-Dir - straight line, f/p - Edmund
Aim: Edmund, wielding a +3 flail of protection and wearing a +0 scale mail (moderately wounded, umbra, 86% to hit)
The blast of sand hits Edmund but does no damage.
Edmund is moderately wounded.
The jackal closely misses you.
Edmund hits you with a +3 flail of protection.
* * * LOW HITPOINT WARNING * * *
The jackal bites you but does no damage.
As you read the scroll of butterflies, it crumbles to dust.
You hear the tinkle of a tiny bell.
The jackal closely misses you.
The necrophage barely misses your butterfly.
Edmund hits you with a +3 flail of protection!
You die...

,,,,+,,,,,*,.................#...
,,,,*,,**##..................#...
*****,,*,........#'#####.....###'
,,,,,,,*,........#.,,,,#.....#...
,,,,,,,*,........#.,,,,#.....#..>
,,,,,,,*,........#,,,,,#.....#...
,,,,,,,*,.....bbb#,,,,,#.....#...
,,,*****,....nb@h#######.....####
,,,*,,,,,.....bb@bb..............
,,,*,,,,,.....bbbbb.............(
,,,*,,,.......bbbbb..............
,,,+,,,..........................
,,,*,,,,.........................
,,,******#.......................
,,,,* #.......................
,,,,* #...................)...
,,,** #.....###########'###.(.


You could see Edmund (ally target), a necrophage (ally target) and a jackal
(ally target).

Vanquished Creatures
  Sigmund (D:3)
  2 bullfrogs (Sewer)
  A howler monkey (D:4)
  A hound (D:4)
  An orc priest (D:4)
  Ijyb (D:4)
  9 adders
  A river rat (D:4)
  A dart slug (D:3)
  4 orcs (D:4)
  3 bats
  4 endoplasms
  7 giant cockroaches
  8 goblins
  8 hobgoblins
  9 jackals
  4 kobolds
  12 quokkas
  11 ball pythons
  8 frilled lizards
  7 rats
103 creatures vanquished.

Notes
Turn   | Place    | Note
-------+----------+-------------------------------------------
     0 | D:1      | hilljack the Gargoyle Earth Elementalist began the quest
                  | for the Orb.
     0 | D:1      | Reached XP level 1. HP: 10/10 MP: 3/3
   128 | D:1      | Reached skill level 4 in Earth Magic
   270 | D:1      | Reached XP level 2. HP: 15/15 MP: 3/5
   371 | D:1      | Found Zifabuol's Magic Scroll Shoppe.
   452 | D:1      | Bought a scroll of identify for 20 gold pieces
   629 | D:1      | Found a faded altar of an unknown god.
   637 | D:1      | Prayed at the altar of an unknown god.
   637 | D:1      | Became a worshipper of Dithmenos the Shadowed
   637 | D:1      | Reached * piety under Dithmenos
   729 | D:1      | Reached XP level 3. HP: 19/19 MP: 4/6
  1141 | D:2      | Identified the +2 dagger of Tikeot {drain, rElec rN+
                  | Stlth+}
  1299 | D:2      | You fall into a shaft and drop 1 floor!
  1512 | D:2      | Reached skill level 5 in Earth Magic
  1882 | D:3      | Found a transporter.
  1886 | D:3      | Noticed Ekaitz's ghost (amateur DsEE)
  1903 | D:3      | Noticed Sigmund
  1955 | D:3      | Killed Sigmund
  1956 | D:3      | Reached skill level 6 in Earth Magic
  1956 | D:3      | Reached XP level 4. HP: 17/24 MP: 3/9
  1956 | D:3      | Reached XP level 5. HP: 20/28 MP: 3/10
  2085 | D:3      | Found a transporter.
  2205 | D:3      | Reached XP level 6. HP: 32/32 MP: 9/11
  2895 | D:4      | Found a glowing silver altar of Zin.
  2944 | D:4      | Reached ** piety under Dithmenos
  2948 | D:4      | Reached skill level 7 in Earth Magic
  2955 | D:4      | Found a glowing drain.
  2964 | Sewer    | Entered a sewer
  3364 | Sewer    | Reached XP level 7. HP: 34/36 MP: 5/13
  3459 | Sewer    | Identified the +5 ring mail of Valour {Will+ rCorr}
  3476 | Sewer    | Learned a level 2 spell: Passwall
  3480 | Sewer    | Learned a level 3 spell: Stone Arrow
  3537 | D:4      | Reached skill level 8 in Earth Magic
  3613 | D:4      | Noticed Edmund
  3860 | D:4      | Noticed Ijyb
  3863 | D:4      | Killed Ijyb
  3997 | D:4      | Identified the +2 leather armour "Dameh" {Str+4}
  4112 | D:4      | Reached *** piety under Dithmenos
  4117 | D:4      | Slain by Edmund

Illustrated notes

Levels and vault maps discovered:
D:1:      eino_arrival_druids_welcome, layout_basic, serial_shops, shop,
          shapermc_ecumenical_altar_flowoftime
D:2:      layout_basic, nrook_uturn
D:3:      layout_basic, gammafunk_ghost_stat_death,
          minmay_misc_feat_secret_circle, uniq_sigmund
D:4:      layout_gridville, mainiacjoe_overflow_small_starburst,
          portal_sewer_entry_b, uniq_edmund, uniq_ijyb

Skill      XL: |  1  2  3  4  5  6  7 |
---------------+----------------------+-----
Earth Magic    | 4 6 7 8 |  8.5
Spellcasting   | 3 4 |  4.4
Dodging        | |  1.5
Stealth        | |  2.1
Transmutations | |  0.7

Action                   |  1- 3 |  4- 6 |  7- 9 || total
-------------------------+-------+-------+-------++-------
Melee: Unarmed           |     8 |       |       ||     8
       Dagger            |     4 |       |     6 ||    10
 Cast: Sandblast         |    50 |    62 |    32 ||   144
  Use: Scroll            |     4 |     8 |     2 ||    14
Armor: Robe              |     4 |       |       ||     4
       Leather armour    |     5 |    25 |       ||    30
       Ring mail         |       |       |     9 ||     9
Dodge: Dodged            |     8 |    39 |    22 ||    69
